 Dungeon Crawl Stone Soup version 0.22-a0-283-g1871b15 (webtiles) character file.

48 newphone the Poker (level 4, 0/33 HPs)
             Began as a Human Wanderer on Mar 18, 2018.
             Succumbed to Crazy Yiuf's poison
             ... on level 3 of the Dungeon.
             The game lasted 00:03:49 (1540 turns).

newphone the Poker (Human Wanderer)                 Turns: 1540, Time: 00:03:50

Health: 0/33       AC:  9    Str: 11    XL:     4   Next: 0%
Magic:  4/4        EV:  4    Int: 14    God:
Gold:   66         SH:  0    Dex: 13    Spells: 3/3 levels left

rFire    . . .     SeeInvis .   c - +0 spear
rCold    . . .     Gourm    .   (no shield)
rNeg     . . .     Faith    .   h - +0 chain mail
rPois    .         Spirit   .   e - +0 helmet
rElec    .         Reflect  .   (no cloak)
rCorr    .         Harm     .   (no gloves)
MR       .....                  (no boots)
Stlth    ..........             (no amulet)
HPRegen  0.11/turn              (no ring)
MPRegen  0.09/turn              (no ring)

@: lethally poisoned (0 -> -19), very slightly contaminated, drained, invisible
(expiring)
A: no striking features
a: no special abilities


You were on level 3 of the Dungeon.
You were not hungry.

You visited 1 branch of the dungeon, and saw 3 of its levels.

You collected 66 gold pieces.

Inventory:

Hand Weapons
 c - a +0 spear (weapon)
 d - a +2 short sword of speed
 k - a +0 hand axe of electrocution
Missiles
 q - 33 arrows
Armour
 e - a +0 helmet (worn)
 h - a +0 chain mail (worn)
 r - a +1 leather armour of fire resistance
Jewellery
 j - a cursed -3 ring of strength {unknown}
 m - an uncursed ring of poison resistance {unknown}
Wands
 a - a wand of enslavement (15)
Scrolls
 b - a scroll of teleportation
 g - a scroll of remove curse {unknown}
 i - a scroll of amnesia {unknown}
 l - a scroll of magic mapping {unknown}
 n - a scroll of enchant armour {unknown}
 o - a scroll of enchant weapon {unknown}
 p - a scroll of random uselessness {unknown}
Comestibles
 f - 2 rations


   Skills:
 - Level 2.0(1.7) Fighting
 + Level 4.0(3.7) Polearms
   Level 3.0(2.7) Bows
 - Level 1.0(0.7) Stealth
   Level 1.0(0.7) Shields
 - Level 1.0(0.7) Evocations


You had 3 spell levels left.
You didn't know any spells.

Dungeon Overview and Level Annotations

Branches:
Dungeon (3/15)

Altars:

Annotations:
D:3 Crazy Yiuf


Message History

You feel sick.
Crazy Yiuf whimpers, "Adder!"
Crazy Yiuf hits you with a quarterstaff of chaos.
* * * LOW HITPOINT WARNING * * *
You feel drained.
* * * LOW HITPOINT WARNING * * *
You hit Crazy Yiuf but do no damage.
Crazy Yiuf is moderately wounded.
* * * LOW HITPOINT WARNING * * *
You feel sick.
You catch the helpless Crazy Yiuf completely off-guard!
You hit Crazy Yiuf.
Crazy Yiuf is heavily wounded.
* * * LOW HITPOINT WARNING * * *
You feel sick.
Crazy Yiuf hits you with a quarterstaff of chaos.
* * * LOW HITPOINT WARNING * * *
Crazy Yiuf burns you.
* * * LOW HITPOINT WARNING * * *
You die...

♣....♣
♣♣...♣
♣♣.♣♣
♣♣.♣
♣.♣♣
♣♣.♣
♣.♣♣
##'##
#.g@#
#...#
#)..#
#####


You could see Crazy Yiuf.

Vanquished Creatures
  An adder (D:2)
  4 leopard geckos
  4 bats
  2 giant cockroaches
  2 goblins (D:2)
  6 hobgoblins
  3 frilled lizards
  6 kobolds
  6 rats
34 creatures vanquished.

Notes
Turn   | Place    | Note
-------+----------+-------------------------------------------
     0 | D:1      | newphone the Human Wanderer began the quest for the Orb.
     0 | D:1      | newphone set off with: a wand of enslavement (15), a scroll of teleportation, a +0 spear, a +0 robe, a ration
     0 | D:1      | Reached XP level 1. HP: 16/16 MP: 1/1
   301 | D:1      | Reached XP level 2. HP: 5/22 MP: 2/2
   679 | D:1      | Reached skill level 3 in Polearms
   956 | D:2      | Reached XP level 3. HP: 27/27 MP: 3/3
  1508 | D:3      | Reached skill level 4 in Polearms
  1508 | D:3      | Reached XP level 4. HP: 32/33 MP: 4/4
  1524 | D:3      | Found a runed door.
  1529 | D:3      | Noticed Crazy Yiuf
  1540 | D:3      | Succumbed to Crazy Yiuf's poison

Vault maps used:
D:1:      nagdon_arrival_double_spiral, serial_glass, glass_columns_a,
          glass_columns_a, glass_columns_c, glass_columns_c, glass_columns_b,
          glass_columns_c, nrook_uturn
D:2:      st_stairs_5, minmay_goblin_kobold_house
D:3:      first_ration, serial_co_window_serial, co_window_corner_a,
          co_window_paths_a, co_window_corner_a, co_window_cross_1,
          co_window_paths_a, co_window_paths_b, co_window_corner_a,
          co_window_unsneaky_path_b, co_window_broadway_b, co_window_broadway_a,
          glass_columns_c, glass_columns_c, glass_columns_c,
          nicolae_qazlal_eye_of_the_storm, uniq_ijyb, uniq_crazy_yiuf_cottage,
          uniq_robin

Skill      XL: |  1  2  3 |
---------------+----------+-----
Polearms       | 3 4 |  4.0
Fighting       | |  2.0
Bows           | |  3.0
Stealth        | |  1.0
Shields        | |  1.0
Evocations     | |  1.0

Action                   |  1- 3 |  4- 6 || total
-------------------------+-------+-------++-------
Melee: Spear             |   162 |     9 ||   171
  Use: Potion            |     2 |     1 ||     3
 Stab: Invisible         |       |     1 ||     1
  Eat: Chunk             |     2 |       ||     2
Armor: Chain mail        |   123 |       ||   123
       Robe              |     1 |       ||     1
Dodge: Dodged            |    44 |     1 ||    45

Table legend:
 A = Spawn XP
 B = Non-spawn XP
 C = Spawn XP percentage of total XP
 D = Spawn monster count
 E = Non-spawn monster count
 F = Spawn count percentage of total count
 G = Total turns spent on level
                    A         B        C        D         E        F      G
               +---------+---------+-------+---------+---------+-------+---------
         Total |       0 |      69 |   0.0 |       0 |      34 |   0.0 |  1540
               +---------+---------+-------+---------+---------+-------+---------
           D:1 |       0 |      26 |   0.0 |       0 |      15 |   0.0 |   914
           D:2 |       0 |      40 |   0.0 |       0 |      17 |   0.0 |   566
           D:3 |       0 |       3 |   0.0 |       0 |       2 |   0.0 |    60
               +---------+---------+-------+---------+---------+-------+---------
